MWL (24 & UNDER)
PLUMSTEAD EAGLES @ EVANSTON ELITISTS
08/10/2030
 
TOP OF THE 1ST
Plumstead Eagles batting - Pitching for Evanston Elitists : RHP Raúl Pérez
Pitching: RHP Raúl Pérez
Batting: RHB Wayne Workman 0-0: Ball
1-0: Ball
2-0: Ball
3-0: Base on Balls
Batting: LHB António Álvarez 0-0: Called Strike
Wayne Workman steals 2nd base
0-1: SINGLE (Groundball, 34D)
Wayne Workman to third
Runner from 3rd tries for Home, SAFE, no throw
Batting: LHB Conan Bush 0-0: Called Strike
0-1: Called Strike
0-2: Strikes out swinging
Batting: LHB Jerry Tolbert 0-0: Ball
1-0: Fly out, F1 (Line Drive, 13)
Lined into DP, 1-3 (Line Drive, 13)
Top of the 1st over - 1 run, 1 hit, 0 errors, 0 left on base; Plumstead 1 - Evanston 0
BOTTOM OF THE 1ST
Evanston Elitists batting - Pitching for Plumstead Eagles : LHP Luis Hernández
Pitching: LHP Luis Hernández
Batting: RHB Zhong-xian Pai 0-0: Swinging Strike
0-1: Ball
1-1: Called Strike
1-2: Foul Ball, location: 2F
1-2: Ball
2-2: Ball
3-2: Base on Balls
Batting: LHB Jean-Sébastien Beaudin 0-0: Fly out, F9 (Line Drive, 9)
Batting: RHB Greg Nichols 0-0: Ball
1-0: Ball
2-0: Foul Ball, location: 2F
2-1: DOUBLE (Line Drive, 7LS)
Zhong-xian Pai to third
Runner from 3rd tries for Home, SAFE, no throw
Batting: LHB Jonathan Martin 0-0: Ball
1-0: Ball
2-0: SINGLE (Groundball, 25) (infield hit)
Greg Nichols to third
Batting: RHB Troy Johnson 0-0: Called Strike
Jonathan Martin steals 2nd base
0-1: Ball
1-1: Called Strike
1-2: Strikes out swinging
Batting: RHB Joe Farrell 0-0: Ground out 1-3 (Groundball, 13S)
Bottom of the 1st over - 1 run, 2 hits, 0 errors, 2 left on base; Plumstead 1 - Evanston 1
TOP OF THE 2ND
Plumstead Eagles batting - Pitching for Evanston Elitists : RHP Raúl Pérez
Batting: LHB Miguel Gamboa 0-0: Ball
1-0: Ball
2-0: SINGLE (Flyball, 8RS)
Batting: LHB Joe Rutherford 0-0: Ball
1-0: Foul Ball, location: 2F
1-1: Ball
2-1: Ball
3-1: Base on Balls
Miguel Gamboa to second
Batting: RHB Jimmy Myers 0-0: Called Strike
0-1: Ball
1-1: Foul Ball, location: 2F
1-2: Strikes out swinging
Batting: LHB José Marín 0-0: SINGLE (Groundball, 4MD)
Miguel Gamboa to third
Joe Rutherford to second
Runner from 3rd tries for Home, SAFE, no throw
Batting: LHB Roberto Alba 0-0: Ball
1-0: Ball
2-0: Called Strike
2-1: Called Strike
2-2: Strikes out swinging
Batting: RHB Wayne Workman 0-0: Ball
1-0: Fielders Choice at 2nd, 5-4 (Groundball, 56)
Top of the 2nd over - 1 run, 2 hits, 0 errors, 2 left on base; Plumstead 2 - Evanston 1
BOTTOM OF THE 2ND
Evanston Elitists batting - Pitching for Plumstead Eagles : LHP Luis Hernández
Batting: RHB Mike Harris 0-0: Ball
1-0: Swinging Strike
1-1: Ball
2-1: SINGLE (Line Drive, 89S)
Batting: RHB Bruce Adams 0-0: Ball
1-0: Ground out U3 (Groundball, 3S)
Mike Harris to second
Batting: SHB Claas van der Kuijl 0-0: Swinging Strike
0-1: Swinging Strike
0-2: Foul Ball, location: 2F
0-2: Ball
1-2: Foul Ball, location: 2F
1-2: Ball
2-2: Ball
3-2: 2-RUN HOME RUN (Flyball, 7D), Distance : 373 ft
Batting: RHB Zhong-xian Pai 0-0: Called Strike
0-1: Swinging Strike
0-2: Ball
1-2: Strikes out looking
Batting: LHB Jean-Sébastien Beaudin 0-0: Ball
1-0: Ball
2-0: Ball
3-0: Called Strike
3-1: Foul Ball, location: 2F
3-2: Strikes out swinging passed ball, reaches first!
Batting: RHB Greg Nichols 0-0: Called Strike
Throwing error on steal attempt, E2
Jean-Sébastien Beaudin to third
0-1: Ball
1-1: Ground out 4-3 (Groundball, 4)
Bottom of the 2nd over - 2 runs, 2 hits, 1 error, 1 left on base; Plumstead 2 - Evanston 3
TOP OF THE 3RD
Plumstead Eagles batting - Pitching for Evanston Elitists : RHP Raúl Pérez
Batting: LHB António Álvarez 0-0: Ball
1-0: Called Strike
1-1: Called Strike
1-2: Strikes out swinging
Batting: LHB Conan Bush 0-0: Ball
1-0: Ball
2-0: Called Strike
2-1: Called Strike
2-2: Ball
3-2: Base on Balls
Batting: LHB Jerry Tolbert 0-0: Foul Ball, location: 2F
0-1: Ball
1-1: Ball
2-1: Ball
3-1: Base on Balls
Conan Bush to second
Batting: LHB Miguel Gamboa 0-0: Ball
1-0: Ball
Wild Pitch!
Conan Bush to third
Jerry Tolbert to second
2-0: Ball
3-0: Called Strike
3-1: SINGLE (Line Drive, 9S)
Conan Bush scores
Jerry Tolbert to third
Batting: LHB Joe Rutherford 0-0: Swinging Strike
0-1: Ball
1-1: Ball
2-1: Foul Ball, location: 2F
2-2: Ball
3-2: Strikes out swinging
Batting: RHB Jimmy Myers 0-0: Ball
1-0: Fielders Choice at 2nd, U6 (Groundball, 6M)
Top of the 3rd over - 1 run, 1 hit, 0 errors, 2 left on base; Plumstead 3 - Evanston 3
BOTTOM OF THE 3RD
Evanston Elitists batting - Pitching for Plumstead Eagles : LHP Luis Hernández
Batting: LHB Jonathan Martin 0-0: Called Strike
0-1: Swinging Strike
0-2: SOLO HOME RUN (Flyball, 9LD), Distance : 336 ft
Batting: RHB Troy Johnson 0-0: Ball
1-0: Called Strike
1-1: Foul Ball, location: 2F
1-2: Ball
2-2: Ground out 6-3 (Groundball, 56)
Batting: RHB Joe Farrell 0-0: Called Strike
0-1: Called Strike
0-2: Foul Ball, location: 2F
0-2: Ball
1-2: Ball
2-2: Strikes out swinging
Batting: RHB Mike Harris 0-0: Ball
1-0: Swinging Strike
1-1: Ball
2-1: Swinging Strike
2-2: SINGLE (Groundball, 34S) (infield hit)
Pinch Runner at 1st Troy Abreu:
Batting: RHB Bruce Adams 0-0: Ball
1-0: Called Strike
1-1: SINGLE (Groundball, 6D)
Troy Abreu to second
Batting: SHB Claas van der Kuijl 0-0: Ball
1-0: Fly out, F5 (Popup, 56S)
Bottom of the 3rd over - 1 run, 3 hits, 0 errors, 2 left on base; Plumstead 3 - Evanston 4
TOP OF THE 4TH
Plumstead Eagles batting - Pitching for Evanston Elitists : RHP Raúl Pérez
Now in LF: Troy Abreu
Batting: LHB José Marín 0-0: Called Strike
0-1: Ball
1-1: Ball
2-1: Ball
3-1: Base on Balls
Batting: LHB Roberto Alba 0-0: SINGLE (Groundball, 34D)
José Marín to second
Runner from 2nd tries for 3rd, SAFE, no throw
Batting: RHB Wayne Workman 0-0: Ball
1-0: Called Strike
1-1: Swinging Strike
1-2: Strikes out swinging
Batting: LHB António Álvarez 0-0: Called Strike
0-1: Ball
1-1: Ball
2-1: Swinging Strike
2-2: Fly out, F7 (Flyball, 7LM)
Runner from 3rd tags up, SCORES, no throw
Batting: LHB Conan Bush 0-0: Swinging Strike
0-1: Foul Ball, location: 2F
0-2: DOUBLE (Line Drive, 9D)
Roberto Alba to third
Runner from 3rd tries for Home, SAFE, no throw
Batting: LHB Jerry Tolbert 0-0: Ball
1-0: Ball
2-0: Swinging Strike
2-1: Called Strike
2-2: Strikes out swinging
Top of the 4th over - 2 runs, 2 hits, 0 errors, 1 left on base; Plumstead 5 - Evanston 4
BOTTOM OF THE 4TH
Evanston Elitists batting - Pitching for Plumstead Eagles : LHP Luis Hernández
Batting: RHB Zhong-xian Pai 0-0: Called Strike
0-1: Ball
1-1: Ball
2-1: Called Strike
2-2: Ball
3-2: Base on Balls
Batting: LHB Jean-Sébastien Beaudin 0-0: Ball
1-0: Reached on error, E6 (Groundball, 6)
Zhong-xian Pai to second
Batting: RHB Greg Nichols 0-0: Called Strike
0-1: Grounds into double play, 6-4-3 (Groundball, 6)
Zhong-xian Pai to third
Batting: LHB Jonathan Martin 0-0: Ball
1-0: Ball
2-0: Ball
3-0: Called Strike
3-1: Base on Balls
Batting: RHB Troy Johnson 0-0: Ball
1-0: Called Strike
1-1: Foul Ball, location: 2F
1-2: Ball
2-2: Strikes out swinging
Bottom of the 4th over - 0 runs, 0 hits, 1 error, 2 left on base; Plumstead 5 - Evanston 4
TOP OF THE 5TH
Plumstead Eagles batting - Pitching for Evanston Elitists : RHP Raúl Pérez
Batting: LHB Miguel Gamboa 0-0: Ball
1-0: Foul Ball, location: 2F
1-1: Ball
2-1: Swinging Strike
2-2: Foul Ball, location: 2F
2-2: Foul Ball, location: 2F
2-2: Strikes out swinging
Batting: LHB Joe Rutherford 0-0: Ball
1-0: Called Strike
1-1: Foul Ball, location: 2F
1-2: Ball
2-2: Ball
3-2: Foul Ball, location: 2F
3-2: Base on Balls
Batting: RHB Jimmy Myers 0-0: Fly out, F7 (Line Drive, 7)
Batting: LHB José Marín 0-0: Ball
1-0: Called Strike
1-1: Ball
Wild Pitch!
Joe Rutherford to second
2-1: Called Strike
2-2: Foul Ball, location: 2F
2-2: SINGLE (Flyball, 8RS)
Joe Rutherford to third
Runner from 3rd tries for Home, SAFE, no throw
Pitching: RHP Tim Lowry
Batting: LHB Roberto Alba 0-0: Called Strike
José Marín steals 2nd base
0-1: Called Strike
0-2: Ball
1-2: Ball
2-2: Strikes out swinging
Top of the 5th over - 1 run, 1 hit, 0 errors, 1 left on base; Plumstead 6 - Evanston 4
BOTTOM OF THE 5TH
Evanston Elitists batting - Pitching for Plumstead Eagles : LHP Luis Hernández
Pitching: RHP Tim Whitacre
Batting: RHB Joe Farrell 0-0: Foul Ball, location: 2F
0-1: Ball
1-1: Fly out, F8 (Flyball, 8LD)
Batting: SHB Troy Abreu 0-0: Ball
1-0: Swinging Strike
1-1: Swinging Strike
1-2: Ball
2-2: Strikes out looking
Batting: RHB Bruce Adams 0-0: Called Strike
0-1: Ball
1-1: Ball
2-1: SINGLE (Groundball, 6M) (infield hit)
Batting: SHB Claas van der Kuijl 0-0: Called Strike
Bruce Adams steals 2nd base
0-1: Ground out 4-3 (Groundball, 4)
Bottom of the 5th over - 0 runs, 1 hit, 0 errors, 1 left on base; Plumstead 6 - Evanston 4
TOP OF THE 6TH
Plumstead Eagles batting - Pitching for Evanston Elitists : RHP Tim Lowry
Batting: RHB Wayne Workman 0-0: Ball
1-0: Ball
2-0: Called Strike
2-1: Foul Ball, location: 2F
2-2: Strikes out swinging
Batting: LHB António Álvarez 0-0: Called Strike
0-1: Ball
1-1: Foul Ball, location: 2F
1-2: Ball
2-2: Ball
3-2: Base on Balls
Batting: LHB Conan Bush 0-0: Ball
António Álvarez is caught stealing 2nd base
1-0: Fly out, F8 (Flyball, 8RD)
Top of the 6th over - 0 runs, 0 hits, 0 errors, 0 left on base; Plumstead 6 - Evanston 4
BOTTOM OF THE 6TH
Evanston Elitists batting - Pitching for Plumstead Eagles : RHP Tim Whitacre
Batting: RHB Zhong-xian Pai 0-0: Called Strike
0-1: Ball
1-1: DOUBLE (Groundball, 5L)
Pinch Runner at 2nd Jaime Aguirre:
Batting: LHB Jean-Sébastien Beaudin 0-0: Ball
1-0: SINGLE (Groundball, 34D)
Jaime Aguirre to third
Runner from 3rd tries for Home, SAFE, no throw
Batting: RHB Greg Nichols 0-0: Called Strike
0-1: Called Strike
0-2: DOUBLE (Flyball, 8RD)
Jean-Sébastien Beaudin to third
Batting: LHB Jonathan Martin 0-0: Foul Ball, location: 2F
0-1: Foul Ball, location: 2F
0-2: Ball
1-2: 3-RUN HOME RUN (Flyball, 7LD), Distance : 363 ft
Pitching: RHP Broderick Miller
Batting: RHB Troy Johnson 0-0: Ball
1-0: Ground out 4-3 (Groundball, 4)
Batting: RHB Joe Farrell 0-0: Foul Ball, location: 2F
0-1: SINGLE (Groundball, 6D)
Batting: SHB Troy Abreu 0-0: Ball
1-0: Fielders Choice at 2nd, 6-4 (Groundball, 6)
Batting: RHB Bruce Adams 0-0: Ball
1-0: Called Strike
1-1: Ball
2-1: Foul Ball, location: 2F
2-2: Strikes out swinging
Bottom of the 6th over - 4 runs, 5 hits, 0 errors, 1 left on base; Plumstead 6 - Evanston 8
TOP OF THE 7TH
Plumstead Eagles batting - Pitching for Evanston Elitists : RHP Tim Lowry
Now at SS: Jaime Aguirre
Batting: LHB Jerry Tolbert 0-0: Foul Ball, location: 2F
0-1: Swinging Strike
0-2: Ball
1-2: Ball
2-2: Strikes out swinging
Batting: LHB Miguel Gamboa 0-0: Ball
1-0: Swinging Strike
1-1: Foul Ball, location: 2F
1-2: Foul Ball, location: 2F
1-2: Strikes out swinging
Batting: LHB Joe Rutherford 0-0: Called Strike
0-1: Ball
1-1: Ball
2-1: Called Strike
2-2: DOUBLE (Flyball, 8RXD)
Batting: RHB Jimmy Myers 0-0: Ball
Wild Pitch!
Joe Rutherford to third
1-0: Called Strike
1-1: Ball
2-1: Fly out, F7 (Flyball, 7LD)
Top of the 7th over - 0 runs, 1 hit, 0 errors, 1 left on base; Plumstead 6 - Evanston 8
BOTTOM OF THE 7TH
Evanston Elitists batting - Pitching for Plumstead Eagles : RHP Broderick Miller
Batting: SHB Claas van der Kuijl 0-0: Ball
1-0: Foul Ball, location: 2F
1-1: Called Strike
1-2: Ball
2-2: Ball
3-2: Base on Balls
Batting: RHB Jaime Aguirre 0-0: Ball
Claas van der Kuijl steals 2nd base
1-0: Ball
2-0: Ball
3-0: Called Strike
3-1: Fly out, F9 (Flyball, 9S)
Batting: LHB Jean-Sébastien Beaudin 0-0: Ball
1-0: Ball
2-0: Ball
3-0: Called Strike
3-1: Base on Balls
Batting: RHB Greg Nichols 0-0: Ball
Wild Pitch!
Claas van der Kuijl to third
Jean-Sébastien Beaudin to second
1-0: Intentional Walk
Batting: LHB Jonathan Martin 0-0: Ball
1-0: Ball
2-0: Called Strike
2-1: Ball
3-1: Base on Balls
Claas van der Kuijl scores
Jean-Sébastien Beaudin to third
Greg Nichols to second
Batting: RHB Troy Johnson 0-0: Ball
1-0: Swinging Strike
1-1: Ball
2-1: SINGLE (Groundball, 6D)
Jean-Sébastien Beaudin scores
Greg Nichols to third
Jonathan Martin to second
Batting: RHB Joe Farrell 0-0: Called Strike
0-1: Foul Ball, location: 2F
0-2: Strikes out swinging
Pitching: LHP Ramón Sánchez
Batting: SHB Troy Abreu 0-0: Fielders Choice at 2nd, 5-4 (Groundball, 56)
Bottom of the 7th over - 2 runs, 1 hit, 0 errors, 3 left on base; Plumstead 6 - Evanston 10
TOP OF THE 8TH
Plumstead Eagles batting - Pitching for Evanston Elitists : RHP Tim Lowry
Batting: LHB José Marín 0-0: SINGLE (Line Drive, 78M)
Batting: LHB Roberto Alba 0-0: Ball
1-0: Ball
2-0: Called Strike
2-1: Ball
3-1: Foul Ball, location: 2F
3-2: Foul Ball, location: 2F
3-2: Base on Balls
José Marín to second
Batting: RHB Wayne Workman 0-0: 3-RUN HOME RUN (Line Drive, 7D), Distance : 369 ft
Pitching: RHP Claudio Madrigal
Batting: LHB António Álvarez 0-0: Called Strike
0-1: Foul Ball, location: 2F
0-2: Ball
1-2: Ball
2-2: Ball
3-2: Foul Ball, location: 2F
3-2: Foul Ball, location: 2F
3-2: Foul Ball, location: 2F
3-2: Strikes out swinging
Batting: LHB Conan Bush 0-0: Foul Ball, location: 2F
0-1: Swinging Strike
0-2: Fly out, F4 (Line Drive, 4)
Batting: LHB Jerry Tolbert 0-0: Ball
1-0: Ball
2-0: Ball
3-0: Base on Balls
Batting: LHB Miguel Gamboa 0-0: Swinging Strike
0-1: Ball
1-1: Swinging Strike
1-2: Ground out 4-3 (Groundball, 4)
Top of the 8th over - 3 runs, 2 hits, 0 errors, 1 left on base; Plumstead 9 - Evanston 10
BOTTOM OF THE 8TH
Evanston Elitists batting - Pitching for Plumstead Eagles : LHP Ramón Sánchez
Batting: RHB Bruce Adams 0-0: Called Strike
0-1: Ball
1-1: Ball
2-1: SINGLE (Groundball, 56) (infield hit)
Batting: SHB Claas van der Kuijl 0-0: Ball
1-0: Foul Ball, location: 2F
1-1: Ball
2-1: Sac Bunt - play at first, batter OUT! 1-4
Bruce Adams to second
Batting: RHB Jaime Aguirre 0-0: Swinging Strike
0-1: Ball
1-1: Foul Ball, location: 2F
1-2: Ball
2-2: Strikes out looking
Batting: LHB Jean-Sébastien Beaudin 0-0: Called Strike
0-1: Ball
1-1: Swinging Strike
1-2: Strikes out swinging
Bottom of the 8th over - 0 runs, 1 hit, 0 errors, 1 left on base; Plumstead 9 - Evanston 10
TOP OF THE 9TH
Plumstead Eagles batting - Pitching for Evanston Elitists : RHP Claudio Madrigal
Pitching: RHP António Acosta
Now at 1B: Michael Scott
Batting: LHB Joe Rutherford 0-0: Called Strike
0-1: Ball
1-1: Ball
2-1: Ball
3-1: Base on Balls
Pinch Runner at 1st Kel Turner:
Pinch Hitting: LHB Roberto Rodríguez 0-0: Ball
1-0: Ball
2-0: Sac Bunt - play at first, batter OUT! 5-4
Kel Turner to second
Batting: LHB José Marín 0-0: Ball
1-0: Foul Ball, location: 2F
1-1: Foul Ball, location: 2F
1-2: Strikes out swinging
Batting: LHB Roberto Alba 0-0: Called Strike
0-1: Ball
1-1: Ball
2-1: Ball
3-1: Base on Balls
Batting: RHB Wayne Workman 0-0: Swinging Strike
0-1: Ball
1-1: Called Strike
1-2: Strikes out looking
Top of the 9th over - 0 runs, 0 hits, 0 errors, 2 left on base; Plumstead 9 - Evanston 10
Saturday, April 7th, 2018 - OOTP Baseball 18.8 Build 76